 Dungeon Crawl Stone Soup version 0.30.1-3-gfc49f6343a (webtiles) character file.

Game seed: 12227955381242991164

40464 Anriel the Carver (level 14, -5/103 HPs)
             Began as a Human Gladiator on Aug 1, 2023.
             Was the Champion of Okawaru.
             Slain by a +2 battleaxe of chaos (9 damage)
             ... on level 14 of the Dungeon on Aug 3, 2023.
             The game lasted 01:33:36 (14265 turns).

Anriel the Carver (Human Gladiator)                Turns: 14265, Time: 01:33:36

Health: -5/103     AC: 26    Str: 20    XL:     14   Next: 45%
Magic:  0/21       EV: 11    Int: 21    God:    Okawaru [******]
Gold:   1969       SH:  0    Dex: 19    Spells: 13/13 levels left

rFire   . . .        d - +9 triple sword (flame)
rCold   . . .        (shield currently unavailable)
rNeg    . . .        A - +0 plate armour
rPois   +            c - +2 helmet
rElec   .            x - +0 cloak
rCorr   +            U - +2 pair of gloves of Ceapumn {Str+3 Slay+2}
SInv    .            Y - +2 pair of boots of Wasted Space {Int+6}
Will    +....        w - amulet of guardian spirit Stlth
                     z - ring "Qomul" {rPois Str+2 Int+6}
HPRegen 0.37/turn    f - ring of resist corrosion
MPRegen 0.17/turn

%: guardian spirit
@: no status effects
A: no striking features
a: Renounce Religion, Heroism, Finesse, Duel


You were on level 14 of the Dungeon.
You worshipped Okawaru.
Okawaru was exalted by your worship.
You visited 2 branches of the dungeon, and saw 15 of its levels.
You also visited: Ossuary and Bailey.

You collected 2337 gold pieces.
You spent 368 gold pieces at shops.

Inventory:

Hand Weapons
 d - a +9 triple sword of flaming (weapon)
 j - a +8 heavy long sword
 o - the +6 great sword of Fuam {drain, +Blink rElec Str-5}
   (Okawaru gifted it to you on level 10 of the Dungeon)

   Str:       It affects your strength (-5).
   rElec:     It insulates you from electricity.
   +Blink:    It lets you blink.
 I - the +8 frozen axe "Frostbite" {freeze, freezing cloud, *Noise Fly rC+}
   (You found it in a bailey)

   rC:        It protects you from cold.
   Fly:       It grants you flight.
   *Noise:    It may make noises in combat.
 J - a +6 vampiric lajatang
Missiles
 M - a silver boomerang
 N - a boomerang
 Q - 7 javelins (quivered)
Armour
 c - a +2 helmet (worn)
 x - a +0 cloak (worn)
 A - a +0 plate armour (worn)
 B - the +1 robe of Wu Jian's Displeasure {Int+4 SInv}
   (You found it on level 10 of the Dungeon)

   Int:       It affects your intelligence (+4).
   SInv:      It lets you see invisible.
 C - the +4 robe of Folly {Brill Will-∞ Int+8}
   (You found it on level 6 of the Dungeon)

   Brill:     It increases the power of your magical spells and halves their MP
   cost (rounding up).
   Will-∞: It reduces your willpower to zero.
   Int:       It affects your intelligence (+8).
 U - the +2 pair of gloves of Ceapumn (worn) {Str+3 Slay+2}
   (Okawaru gifted it to you on level 14 of the Dungeon)

   Str:       It affects your strength (+3).
   Slay:      It affects your accuracy & damage with ranged weapons and melee
   (+2).
 Y - the +2 pair of boots of Wasted Space (worn) {Int+6}
   (Okawaru gifted it to you on level 12 of the Dungeon)

   Int:       It affects your intelligence (+6).
Jewellery
 a - a ring of fire
 f - a ring of resist corrosion (right hand)
 h - an amulet of the acrobat
 m - an amulet of magic regeneration
 w - an amulet of guardian spirit (around neck)
 z - the ring "Qomul" (left hand) {rPois Str+2 Int+6}
   (You found it on level 7 of the Dungeon)

   [ring of intelligence]

   Str:       It affects your strength (+2).
   Int:       It affects your intelligence (+6).
   rPois:     It protects you from poison.
 F - a ring of flight
Wands
 s - a wand of light (3)
 u - a wand of digging (5)
 y - a wand of iceblast (17)
 O - a wand of paralysis (3)
 P - a wand of flame (6)
 Z - a wand of polymorph (5)
Scrolls
 k - 6 scrolls of identify
 n - 2 scrolls of magic mapping
 q - 6 scrolls of teleportation
 t - 3 scrolls of poison
 G - a scroll of fear
 S - a scroll of amnesia
Potions
 b - 9 potions of brilliance
 e - a potion of ambrosia
 g - 4 potions of magic
 i - 4 potions of lignification
 p - 4 potions of flight
 v - 4 potions of mutation
 H - 2 potions of resistance
 R - 4 potions of curing
 W - a potion of attraction
 X - a potion of invisibility
Miscellaneous
 E - a tin of tremorstones (2/2)
 L - a phial of floods
 V - a piece from Xom's chessboard (15/15)


   Skills:
 * Level 7.6 Fighting
 + Level 14.0 Long Blades
 + Level 7.5 Throwing
 - Level 10.0 Armour
 - Level 10.0 Dodging
 - Level 10.0 Invocations
 + Level 5.2 Evocations


You had 13 spell levels left.
You didn't know any spells.
Your spell library contained the following spells:

 Spells                   Type           Power      Damage    Failure   Level
 Blink                    Tloc           0%         N/A       99%         2
 Cigotuvi's Dreadful Rot  Necr/Pois/Air  0%         N/A       99%         2
 Ensorcelled Hibernation  Hex/Ice        0%         N/A       99%         2
 Lesser Beckoning         Tloc           0%         N/A       99%         2
 Momentum Strike          Conj/Tloc      0%         3d8       99%         2
 Static Discharge         Conj/Air       0%         2-2/arc   99%         2
 Frozen Ramparts          Ice            0%         1d1       100%        3
 Ignite Poison            Fire/Tmut/Pois 0%         N/A       100%        3
 Spider Form              Tmut/Pois      0%         N/A       100%        3
 Vhi's Electric Charge    Tloc/Air       0%         N/A       100%        3
 Volatile Blastmotes      Fire/Tloc      0%         2d10      100%        3
 Airstrike                Air            0%         2d(0-16)  100%        4
 Anguish                  Hex/Necr       0%         N/A       100%        4
 Fulminant Prism          Conj/Hex       0%         3d5       100%        4
 Ice Form                 Ice/Tmut       0%         N/A       100%        4
 Iskenderun's Mystic Bla  Conj/Tloc      0%         2d3       100%        4
 Passage of Golubria      Tloc           0%         N/A       100%        4
 Petrify                  Tmut/Erth      0%         N/A       100%        4
 Arcjolt                  Conj/Air       0%         1d10      100%        5
 Freezing Cloud           Conj/Ice/Air   0%         6-21      100%        5
 Lee's Rapid Deconstruct  Erth           0%         3d4*      100%        5
 Metabolic Englaciation   Hex/Ice        0%         N/A       100%        5
 Silence                  Hex/Air        0%         N/A       100%        5
 Plasma Beam              Fire/Air       0%         2x1d11    100%        6
 Statue Form              Tmut/Erth      0%         N/A       100%        6
 Lehudib's Crystal Spear  Conj/Erth      0%         10d2      100%        8
 Summon Ice Beast         Ice/Summ       Unusable   N/A       N/A         4
 Summon Lightning Spire   Summ/Air       Unusable   N/A       N/A         4

Dungeon Overview and Level Annotations

Branches:
Dungeon (14/15)            Temple (1/1) D:4            Lair (0/5) D:10
    Orc (0/2) D:11         Vaults (0/5) D:13        Ossuary (visited)
 Bailey (visited)

Altars:
Ashenzari
Cheibriados
Dithmenos
Elyvilon
Fedhas
Gozag
Hepliaklqana
Kikubaaqudgha
Makhleb
Nemelex Xobeh
Okawaru
Qazlal
Ru
Sif Muna
Trog
Uskayaw
Wu Jian
Xom
Yredelemnul
Zin
The Shining One

Shops:
D:7 ?

Annotations:
D:10 exclusion: ice statue
D:13 3 runed translucent doors, Cuybodau's ghost, journeyman MiBe


Message History

You slash Wociock's ghost! You burn Wociock's ghost.
Wociock's ghost is almost destroyed.
Wociock's ghost closely misses you.
You hit Wociock's ghost. You burn Wociock's ghost.
Wociock's ghost is almost destroyed.
Wociock's ghost casts a spell.
Wociock's ghost blinks!
You slice Wociock's ghost!! You burn Wociock's ghost.
You destroy Wociock's ghost!
Okawaru accepts your kill. The +2 battleaxe of chaos hits you!
The +2 battleaxe of chaos freezes you.
You hit the +2 battleaxe of chaos.
The +2 battleaxe of chaos is lightly damaged.
The +2 battleaxe of chaos hits you!
The +2 battleaxe of chaos draws strength from your wounds!
You slice the +2 battleaxe of chaos!! You burn the +2 battleaxe of chaos.
The +2 battleaxe of chaos is almost destroyed.
The +2 battleaxe of chaos hits you but does no damage.
The +2 battleaxe of chaos hits you!
You barely miss the +2 battleaxe of chaos.
The +2 battleaxe of chaos is severely damaged.
The +2 battleaxe of chaos hits you!
You feel your power leaking away.
You completely miss the +2 battleaxe of chaos.
The +2 battleaxe of chaos is severely damaged.
The +2 battleaxe of chaos hits you!
You barely miss the +2 battleaxe of chaos.
The +2 battleaxe of chaos is severely damaged.
The +2 battleaxe of chaos misses you.
The +2 battleaxe of chaos barely misses you.
You completely miss the +2 battleaxe of chaos.
The +2 battleaxe of chaos is severely damaged.
The +2 battleaxe of chaos hits you!!
You feel your power leaking away.
You slash the +2 battleaxe of chaos!
The +2 battleaxe of chaos is almost destroyed.
The +2 battleaxe of chaos hits you!!
* * * LOW HITPOINT WARNING * * *
The +2 battleaxe of chaos freezes you!
You die...

##### #....
#.### ####
#.# #..###
#.#
##..#)##
#.###
#...(_.#
#....
#..@#!#
#####
#...##### #
#.......# #
#######.###
# #...# #
###.# # #.#
# #.# # #.#
#


You could see a +2 battleaxe of chaos.

Vanquished Creatures
  Roxanne (D:14)
  An ironbound preserver (D:13)
  The ghost of Wociock the Destroyer, a journeyman DgHW (D:14)
  Fannar (D:10)
  7 centaur warriors
  A death knight (D:14)
  The ghost of GeoRichter the Transmogrifier, a journeyman OpVM of Lugonu (D:10)
  5 boulder beetles
  4 two-headed ogres
  2 catoblepae
  A tengu warrior (D:13)
  Nergalle (D:10)
  A fire crab (shapeshifter) (D:13)
  2 skeletal warriors (D:14)
  A slime creature (D:12)
  Lodul (D:11)
  A wizard (D:9)
  An orc knight (D:14)
  Pikel (D:6)
  5 deep elf pyromancers
  3 ugly things
  2 manticores
  3 cyclopes
  2 gargoyles
  An unseen horror (D:13)
  2 komodo dragons
  2 freezing wraiths
  2 efreet
  2 trolls
  A tyrant leech (shapeshifter) (D:12)
  A queen bee (D:10)
  Grinder (D:5)
  2 blink frogs (shapeshifter)
  A shadow (D:11)
  2 centaur simulacra
  3 wyverns
  3 wraiths (D:12)
  2 vampires
  2 spriggans (Bailey)
  3 yaks (D:12)
  9 vampire mosquitoes
  4 water moccasins
  2 acid dragons
  A floating eye (shapeshifter) (D:12)
  A meliai simulacrum (D:14)
  3 ice beasts
  6 black bears
  9 orc warriors
  A black bear (shapeshifter) (D:12)
  A boggart (D:12)
  16 ogres
  18 centaurs
  2 phantoms (D:6)
  2 kobold brigands (D:8)
  4 bullfrogs
  3 scorpions
  A gnoll sergeant (D:5)
  5 wights (D:6)
  A jelly (D:7)
  15 killer bees
  5 howler monkeys
  2 human zombies (Ossuary)
  A hound (D:7)
  9 orc priests
  Crazy Yiuf (D:5)
  A sleepcap (D:5)
  5 iguanas
  17 orc wizards
  4 mummies (Ossuary)
  5 adders
  7 gnolls (D:5)
  A shadow imp (D:5)
  2 ufetubi
  An adder zombie (Ossuary)
  3 worms
  5 dart slugs
  58 orcs
  4 endoplasms
  2 giant cockroaches
  A gnoll zombie (Ossuary)
  15 goblins
  5 hobgoblins
  5 jackals
  4 quokkas
  5 ball pythons
  6 bats
  3 frilled lizards
  A goblin zombie (Ossuary)
  A hobgoblin zombie (Ossuary)
  4 jackal zombies (Ossuary)
  13 kobolds
  A kobold zombie (Ossuary)
  An orc zombie (Ossuary)
  4 rats
385 creatures vanquished.

Vanquished Creatures (others)
  A tengu conjurer (D:14)
1 creature vanquished.

Grand Total: 386 creatures vanquished

Notes
Turn   | Place    | Note
-------+----------+-------------------------------------------
     0 | D:1      | Anriel the Human Gladiator began the quest for the Orb.
     0 | D:1      | Reached XP level 1. HP: 16/16 MP: 1/1
   151 | D:1      | Reached XP level 2. HP: 12/22 MP: 2/2
   414 | D:1      | Reached XP level 3. HP: 27/28 MP: 3/3
   591 | D:1      | Reached skill level 1 in Armour
  1087 | D:2      | Reached XP level 4. HP: 33/34 MP: 4/4
  1920 | D:3      | Reached XP level 5. HP: 20/41 MP: 5/5
  2096 | D:3      | Found an iron altar of Okawaru.
  2102 | D:3      | Became a worshipper of Warmaster Okawaru
  2127 | D:3      | Found a broken altar of Ashenzari.
  2541 | D:4      | Reached XP level 6. HP: 35/48 MP: 6/6
  2557 | D:4      | Noticed an orc warrior
  2599 | D:4      | Killed an orc warrior
  2600 | D:4      | Reached skill level 4 in Long Blades
  2695 | D:4      | Reached XP level 7. HP: 55/55 MP: 7/7
  2838 | D:4      | Found a staircase to the Ecumenical Temple.
  2848 | Temple   | Entered the Ecumenical Temple
  3490 | D:5      | Entered Level 5 of the Dungeon
  3499 | D:5      | Found a sand-covered staircase.
  3515 | D:5      | Reached skill level 5 in Fighting
  3517 | Ossuary  | Entered an ossuary
  3959 | D:5      | Reached * piety under Okawaru
  3965 | D:5      | Reached XP level 8. HP: 57/62 MP: 8/8
  4062 | D:5      | Reached skill level 5 in Dodging
  4126 | D:5      | Reached skill level 5 in Long Blades
  4206 | D:5      | Reached skill level 1 in Invocations
  4388 | D:5      | Found a runed translucent door.
  4389 | D:5      | Noticed Crazy Yiuf
  4399 | D:5      | Killed Crazy Yiuf
  4621 | D:5      | Noticed Grinder
  4634 | D:5      | Killed Grinder
  4634 | D:5      | Reached ** piety under Okawaru
  4635 | D:5      | Reached skill level 5 in Armour
  4635 | D:5      | Reached XP level 9. HP: 67/68 MP: 9/11
  4848 | D:6      | Reached skill level 1 in Evocations
  4893 | D:6      | Found a white marble altar of Elyvilon.
  5022 | D:6      | Found a bloodstained altar of Trog.
  5160 | D:6      | Found a shadowy altar of Dithmenos.
  5164 | D:6      | Reached skill level 6 in Long Blades
  5228 | D:6      | Reached skill level 5 in Invocations
  5250 | D:6      | Noticed Pikel
  5270 | D:6      | Killed Pikel
  5275 | D:6      | Found the +4 robe of Folly {Brill Will-∞ Int+8}
  5495 | D:6      | Reached *** piety under Okawaru
  5521 | D:6      | Identified a scroll of acquirement
  5521 | D:6      | Acquired a +7 triple sword of flaming
  5573 | D:7      | Reached skill level 5 in Throwing
  5622 | D:7      | Identified the ring "Qomul" {rPois Str+2 Int+6}
  5649 | D:7      | Noticed a cyclops
  5672 | D:7      | Killed a cyclops
  5673 | D:7      | Reached XP level 10. HP: 55/74 MP: 14/14
  5751 | D:7      | Reached skill level 7 in Long Blades
  5793 | D:7      | Noticed a boulder beetle
  5799 | D:7      | Noticed a boulder beetle
  5814 | D:7      | Killed a boulder beetle
  5820 | D:7      | Killed a boulder beetle
  5821 | D:7      | Reached skill level 8 in Long Blades
  5829 | D:7      | Reached **** piety under Okawaru
  5866 | D:7      | Found a hazy altar of Hepliaklqana.
  6135 | D:7      | Found Cearph's Magic Scroll Emporium.
  6158 | D:7      | Found a basalt altar of Yredelemnul.
  6165 | D:7      | Reached skill level 5 in Evocations
  6177 | D:7      | Bought a scroll of identify for 32 gold pieces
  6177 | D:7      | Bought a scroll of identify for 32 gold pieces
  6177 | D:7      | Bought a scroll of identify for 32 gold pieces
  6177 | D:7      | Bought a scroll of brand weapon for 152 gold pieces
  6177 | D:7      | Bought a scroll of enchant weapon for 120 gold pieces
  6677 | D:8      | Received a gift from Okawaru
  7076 | D:8      | Reached XP level 11. HP: 79/79 MP: 16/16
  7373 | D:9      | Reached skill level 9 in Long Blades
  7385 | D:9      | Noticed a red ugly thing
  7393 | D:9      | Killed a red ugly thing
  7454 | D:9      | Reached ***** piety under Okawaru
  7601 | D:9      | Noticed a wizard
  7604 | D:9      | Killed a wizard
  7623 | D:9      | Noticed a cyclops
  7629 | D:9      | Noticed a centaur warrior
  7631 | D:9      | Killed a cyclops
  7664 | D:10     | Entered Level 10 of the Dungeon
  7818 | D:10     | Noticed Fannar
  7829 | D:10     | Killed Fannar
  7829 | D:10     | Identified the +6 great sword of Fuam {drain, +Blink rElec
                  | Str-5} (Okawaru gifted it to you on level 10 of the
                  | Dungeon)
  7829 | D:10     | Received a gift from Okawaru
  7849 | D:10     | Identified the +1 robe of Wu Jian's Displeasure {Int+4
                  | SInv}
  7866 | D:10     | Found a flagged portal.
  7866 | D:10     | Noticed a two-headed ogre
  7879 | D:10     | Killed a two-headed ogre
  7880 | D:10     | Reached skill level 10 in Long Blades
  7911 | Bailey   | Entered a bailey
  8222 | Bailey   | Noticed a two-headed ogre
  8261 | Bailey   | Killed a two-headed ogre
  8481 | Bailey   | Found the +8 frozen axe "Frostbite" {freeze, freezing
                  | cloud, *Noise Fly rC+}
  8566 | D:10     | Found a transporter.
  8566 | D:10     | Noticed GeoRichter's ghost (journeyman OpVM)
  8570 | D:10     | Found a transporter.
  8639 | D:10     | Found a staircase to the Lair.
  8658 | D:10     | Reached XP level 12. HP: 86/86 MP: 18/18
  8682 | D:10     | Received a gift from Okawaru
  8742 | D:10     | Noticed Nergalle
  8754 | D:10     | Killed Nergalle
  8975 | D:10     | Noticed a two-headed ogre
  8984 | D:10     | Killed a two-headed ogre
  8985 | D:10     | Reached skill level 11 in Long Blades
  9444 | D:10     | Killed GeoRichter's ghost
 10465 | D:11     | Received a gift from Okawaru
 10477 | D:11     | Noticed Lodul
 10485 | D:11     | Killed Lodul
 10633 | D:11     | Found a staircase to the Orcish Mines.
 10999 | D:12     | Noticed an entropy weaver
 10999 | D:12     | Noticed a boulder beetle
 10999 | D:12     | Noticed a catoblepas
 11032 | D:12     | Noticed a boulder beetle
 11036 | D:12     | a salamander changed into an entropy weaver
 11036 | D:12     | Noticed an entropy weaver (shapeshifter)
 11129 | D:12     | Noticed a boulder beetle
 11131 | D:12     | Received a gift from Okawaru
 11145 | D:12     | Killed a boulder beetle
 11146 | D:12     | Reached skill level 12 in Long Blades
 11246 | D:12     | Reached XP level 13. HP: 37/91 MP: 9/20
 11623 | D:12     | Reached ****** piety under Okawaru
 11648 | D:12     | Received a gift from Okawaru
 11783 | D:12     | Reached skill level 10 in Invocations
 11879 | D:12     | Killed a catoblepas
 11879 | D:12     | Identified the +2 pair of boots of Wasted Space {Int+6}
                  | (Okawaru gifted it to you on level 12 of the Dungeon)
 11879 | D:12     | Received a gift from Okawaru
 12009 | D:13     | Reached skill level 13 in Long Blades
 12054 | D:13     | Acquired 788 gold pieces
 12101 | D:13     | Noticed an eight-headed hydra
 12102 | D:13     | Noticed a tengu reaver
 12106 | D:13     | Noticed a centaur warrior
 12107 | D:13     | Noticed a yaktaur captain
 12107 | D:13     | Noticed Cuybodau's ghost (journeyman MiBe)
 12143 | D:13     | Noticed a centaur warrior
 12155 | D:13     | Killed a centaur warrior
 12316 | D:13     | Found a runed translucent gate.
 12320 | D:13     | Noticed a centaur warrior
 12343 | D:13     | Killed a centaur warrior
 12387 | D:13     | Noticed a centaur warrior
 12392 | D:13     | Killed a centaur warrior
 12395 | D:13     | Noticed a centaur warrior
 12399 | D:13     | Killed a centaur warrior
 12413 | D:13     | Reached skill level 10 in Armour
 12428 | D:13     | Found a runed translucent gate.
 12428 | D:13     | Found a runed translucent gate.
 12475 | D:13     | Noticed an ironbound preserver
 12759 | D:13     | Killed an ironbound preserver
 12759 | D:13     | Received a gift from Okawaru
 12839 | D:13     | Found a gate to the Vaults.
 12856 | D:13     | Noticed a centaur warrior
 12856 | D:13     | Noticed a centaur warrior
 12859 | D:13     | Killed a centaur warrior
 12860 | D:13     | Reached XP level 14. HP: 80/99 MP: 15/21
 12868 | D:13     | Received a gift from Okawaru
 13625 | D:14     | Noticed Roxanne
 13641 | D:14     | Killed Roxanne
 13943 | D:14     | Reached skill level 10 in Dodging
 14149 | D:14     | Identified the +2 pair of gloves of Ceapumn {Str+3 Slay+2}
                  | (Okawaru gifted it to you on level 14 of the Dungeon)
 14149 | D:14     | Received a gift from Okawaru
 14150 | D:14     | Reached skill level 14 in Long Blades
 14247 | D:14     | Found a runed translucent door.
 14247 | D:14     | Found a shimmering altar of Xom.
 14247 | D:14     | Noticed Wociock's ghost (journeyman DgHW)
 14258 | D:14     | Killed Wociock's ghost
 14265 | D:14     | HP: 4/103 [+2 battleaxe of chaos (28)]
 14265 | D:14     | Slain by a +2 battleaxe of chaos

Illustrated notes

Levels and vault maps discovered:
D:1:      ncdulo_wetmaze, layout_basic, minmay_tromino_v4_b
D:2:      layout_loops_ring
D:3:      layout_loops_cross, mainiacjoe_overflow_two_lobes
D:4:      layout_loops_ring, minmay_temple_entry_ruins, guppyfry_early_orc_mine
D:5:      layout_loops_ring, nicolae_ossuary_entry_plus, nicolae_grassy_gnolls,
          uniq_grinder, uniq_crazy_yiuf_cottage
D:6:      layout_rooms, old_standard_altar, mainiacjoe_overflow_surrounded_room,
          trog_hazing_becter, uniq_pikel
D:7:      layout_loops_corners, kennysheep_mini_moat,
          nicolae_hepliaklqana_hazy_memory, serial_shops,
          nicolae_shop_waterfront, minmay_misc_feat_doors, amethyst_killhole,
          chequers_serial_rivers_micro_b, kb_rosetta
D:8:      black_bear_nest_2, layout_loops_ring
D:9:      minmay_diamond_stairs, layout_loops_ring, kennysheep_mini
D:10:     cheibrodos_frozen_isle, layout_stronghold,
          due_lair_maze_entry_diamond, gammafunk_ghost_hive, enter_bailey_5,
          serial_bayou_pond_d, due_unseen_surprise, uniq_fannar, uniq_nergalle
D:11:     layout_stronghold, david_orc_1_choice, uniq_lodul
D:12:     layout_irregular_city, hangedman_glass_teeth, st_stairs_7,
          minivault_27, minivault_12
D:13:     minmay_angry_zag, layout_cave_pools, skrybe_vaults_entry_preservation,
          gammafunk_ghost_split
D:14:     layout_loops_ring, ebering_ghost_xom, uniq_roxanne
Temple:   eino_narrow_crystal_temple

Skill      XL: |  1  2  3  4  5  6  7  8  9 10 11 12 13 14 |
---------------+-------------------------------------------+-----
Armour         | 1 2 3 5 6 7 9 10 | 10.0
Fighting       | 3 4 5 7 |  7.6
Long Blades    | 4 5 6 8 10 12 13 14 | 14.0
Dodging        | 4 5 6 8 9 10 | 10.0
Throwing       | 3 5 6 7 |  7.5
Invocations    | 3 5 7 8 9 10 | 10.0
Evocations     | 3 5 |  5.2

Action                     |  1- 3 |  4- 6 |  7- 9 | 10-12 | 13-15 || total
---------------------------+-------+-------+-------+-------+-------++-------
  Melee: Long sword        |    93 |   119 |   453 |       |       ||   665
         Punch             |       |       |     7 |       |       ||     7
         Triple sword      |       |       |    14 |   374 |   255 ||   643
  Throw: Boomerang         |       |    17 |    76 |    59 |    58 ||   210
         Throwing net      |       |       |     4 |     1 |       ||     5
         Javelin           |       |       |       |     7 |     7 ||    14
 Invoke: Heroism           |       |       |       |     2 |     1 ||     3
         Finesse           |       |       |       |       |     2 ||     2
  Evoke: Wand              |       |       |       |    11 |     1 ||    12
    Use: Scroll            |     2 |    10 |    11 |    12 |     6 ||    41
         Potion            |       |     1 |     3 |    13 |     3 ||    20
   Stab: Held in net/web   |       |       |     4 |       |       ||     4
         Invisible         |       |       |       |     6 |       ||     6
         Paralysed         |       |       |       |     5 |       ||     5
         Petrified         |       |       |       |       |     5 ||     5
         Petrifying        |       |       |       |       |     1 ||     1
 Armour: Scale mail        |    23 |       |       |       |       ||    23
         Ring mail         |    23 |     9 |       |       |       ||    32
         Chain mail        |       |    35 |   232 |   188 |   244 ||   699
         Skin              |       |       |   203 |     2 |       ||   205
         Plate armour      |       |       |    86 |    93 |    20 ||   199
  Dodge: Dodged            |    89 |    56 |   262 |   243 |   184 ||   834
